 Dungeon Crawl Stone Soup version 0.21.1-1-g345015f (webtiles) character file.

439 theElss the Conjurer (level 6, -9/33 HPs)
             Began as a Deep Elf Conjurer on Mar 3, 2018.
             Was an Initiate of Vehumet.
             Killed by divine providence
             ... invoked by an orc priest
              (15 damage)
             ... on level 4 of the Dungeon.
             The game lasted 00:17:40 (4426 turns).

theElss the Conjurer (Deep Elf Conjurer)            Turns: 4426, Time: 00:17:42

Health: -9/33      AC:  2    Str:  5    XL:     6   Next: 70%
Magic:  8/15       EV: 13    Int: 22    God:    Vehumet [......]
Gold:   131        SH:  0    Dex: 15    Spells: 8/15 levels left

rFire    . . .     SeeInvis .   f - +0 short sword
rCold    . . .     Gourm    .   (no shield)
rNeg     . . .     Faith    .   r - -1 leather armour (curse)
rPois    .         Spirit   .   (no helmet)
rElec    .         Reflect  .   (no cloak)
rCorr    .         Harm     .   (no gloves)
MR       .....                  (no boots)
Stlth    ++........             (no amulet)
HPRegen  0.11/turn              (no ring)
MPRegen  0.14/turn              (no ring)

@: very slightly contaminated
A: no striking features
a: Renounce Religion


You were on level 4 of the Dungeon.
You worshipped Vehumet.
Vehumet was noncommittal.
You were hungry.

You visited 2 branches of the dungeon, and saw 5 of its levels.

You collected 131 gold pieces.

Inventory:

Hand Weapons
 f - a +0 short sword (weapon)
Missiles
 x - 2 tomahawks of dispersal (quivered)
Armour
 a - a +0 robe
 g - a +0 buckler
 r - a cursed -1 leather armour (worn)
Jewellery
 q - an uncursed ring of protection from fire {unknown}
Wands
 w - a wand of clouds (5)
Scrolls
 i - 3 scrolls of identify {unknown}
 k - a scroll of enchant weapon {unknown}
 l - 6 scrolls of remove curse {unknown}
 o - 2 scrolls of fog {unknown}
 t - 3 scrolls of blinking {unknown}
 u - a scroll of teleportation {unknown}
 v - a scroll of noise {unknown}
Potions
 d - a potion of ambrosia {unknown}
 e - 2 potions of invisibility {unknown}
 h - a potion of heal wounds {unknown}
 j - 2 potions of haste {unknown}
 m - 2 potions of lignification {unknown}
 n - a potion of magic {unknown}
 p - a potion of degeneration {unknown}
Books
 b - a book of Conjurations

   Spells                             Type                      Level
   a - Magic Dart                     Conjuration                  1
   b - Searing Ray                    Conjuration                  2
   c - Dazzling Spray                 Conjuration/Hexes            3
   d - Fulminant Prism                Conjuration/Hexes            4
   e - Force Lance                    Conjuration/Translocation    4
   f - Iskenderun's Mystic Blast      Conjuration                  4
Comestibles
 c - 8 rations
 s - 3 chunks of flesh


   Skills:
 + Level 0.5 Fighting
 + Level 0.9 Armour
 + Level 3.5 Dodging
 + Level 3.9 Stealth
 + Level 5.3 Spellcasting
 + Level 6.9 Conjurations


You had 8 spell levels left.
You knew the following spells:

 Your Spells              Type           Power        Failure   Level  Hunger
a - Magic Dart            Conj           ####         1%          1    None
b - Iskenderun's Mystic   Conj           #####...     9%          4    ####...
c - Searing Ray           Conj           #####.       1%          2    None


Dungeon Overview and Level Annotations

Branches:
Dungeon (4/15)             Temple (1/1) D:4

Altars:
Elyvilon
Fedhas
Hepliaklqana
Nemelex Xobeh
Sif Muna
Trog
Uskayaw
Vehumet
Xom


Message History

Confirm with . or Enter, or press ? or * to list all spells.
Aiming: Magic Dart
Press: ? - help, Shift-Dir - straight line, f/p - orc priest
Aim: an orc priest, wielding a club and wearing a leather armour (severely wounded)
Okay, then.
The orc priest invokes the aid of Beogh against you.
Beogh smites you!
* * * LOW HITPOINT WARNING * * *
Casting: Magic Dart
Confirm with . or Enter, or press ? or * to list all spells.
Aiming: Iskenderun's Mystic Blast
Press: ? - help, Shift-Dir - straight line, f/p - orc priest
Aim: an orc priest, wielding a club and wearing a leather armour (severely wounded)
You miscast Iskenderun's Mystic Blast.
You are very lightly contaminated with residual magic.
Wisps of smoke drift from your hands.
You are feeling hungry.
The orc priest calls down the wrath of Beogh upon you.
Beogh smites you!
You die...

### ..# #.######## #.#
#.......)##
#<#############.@.#
#..........(.(..#..o.!..
#########.#####...)#####
# #.# ####.# # #.# .# #
#.# .# # #.# # # #.#
#### #.#


You could see an orc priest.

Vanquished Creatures
  A centaur zombie (D:3)
  2 orc priests (D:3)
  An orc wizard (D:3)
  Terence (D:3)
  Natasha (thrice) (D:2)
  A worker ant (D:4)
  Robin (D:3)
  4 adders
  4 gnolls (D:3)
  An ooze (D:1)
  A worm (D:2)
  2 dart slugs
  4 leopard geckos
  14 orcs
  2 giant cockroaches
  12 goblins
  8 hobgoblins
  2 jackals (D:2)
  2 ball pythons
  9 bats
  4 frilled lizards
  6 kobolds
  8 rats
93 creatures vanquished.

Notes
Turn   | Place    | Note
-------+----------+-------------------------------------------
     0 | D:1      | theElss the Deep Elf Conjurer began the quest for the Orb.
     0 | D:1      | Reached XP level 1. HP: 10/10 MP: 6/6
   479 | D:1      | Reached XP level 2. HP: 15/15 MP: 6/8
   500 | D:1      | Learned a level 2 spell: Searing Ray
   905 | D:1      | Reached skill level 5 in Conjurations
  1201 | D:2      | Found a faded altar of an unknown god.
  1201 | D:2      | Found a bloodstained altar of Trog.
  1202 | D:2      | Reached XP level 3. HP: 19/19 MP: 7/9
  1224 | D:2      | Found a faded altar of an unknown god.
  1229 | D:2      | Found a shimmering altar of Xom.
  1239 | D:2      | Found a sparkling altar of Nemelex Xobeh.
  1385 | D:2      | Noticed Natasha
  1389 | D:2      | Killed Natasha
  1458 | D:2      | Reached XP level 4. HP: 24/24 MP: 6/11
  1469 | D:2      | Noticed Natasha
  1855 | D:2      | Killed Natasha
  2067 | D:2      | Reached skill level 6 in Conjurations
  2268 | D:2      | Noticed Natasha
  2272 | D:2      | Killed Natasha
  2272 | D:2      | Reached XP level 5. HP: 28/28 MP: 8/13
  2526 | D:3      | Learned a level 4 spell: Iskenderun's Mystic Blast
  2528 | D:3      | Noticed Terence
  2539 | D:3      | Killed Terence
  2717 | D:3      | Found a deep blue altar of Sif Muna.
  2742 | D:3      | Reached XP level 6. HP: 32/32 MP: 2/15
  2927 | D:3      | Found a white marble altar of Elyvilon.
  3588 | D:3      | Reached skill level 5 in Spellcasting
  3801 | D:3      | Noticed Robin
  3809 | D:3      | Killed Robin
  4229 | D:4      | Found a staircase to the Ecumenical Temple.
  4243 | Temple   | Entered the Ecumenical Temple
  4250 | Temple   | Became a worshipper of Vehumet
  4426 | D:4      | Killed from afar by an orc priest

Skill      XL: |  1  2  3  4  5  6 |
---------------+-------------------+-----
Conjurations   | 5 6 |  6.9
Stealth        | 3 |  3.9
Spellcasting   | 4 5 |  5.3
Dodging        | 3 |  3.5
Fighting       | |  0.5
Armour         | |  0.9

Action                   |  1- 3 |  4- 6 || total
-------------------------+-------+-------++-------
Melee: Short sword       |     2 |     8 ||    10
 Cast: Magic Dart        |    46 |    89 ||   135
       Searing Ray       |     2 |    22 ||    24
       Iskenderun's Myst |       |     5 ||     5
  Eat: Chunk             |     1 |    10 ||    11
Armor: Robe              |       |     4 ||     4
Dodge: Dodged            |     4 |    24 ||    28
